 Dungeon Crawl Stone Soup version 0.30.1 (webtiles) character file.

Game seed: 10573007574785633376

464 GloriousHammer the Stinger (level 6, -3/44 HPs)
             Began as a Demonspawn Wanderer on July 1, 2023.
             Slain by Prince Ribbit (15 damage)
             ... on level 5 of the Dungeon on July 2, 2023.
             The game lasted 00:26:20 (5801 turns).

GloriousHammer the Stinger (Demonspawn Wanderer)    Turns: 5801, Time: 00:26:21

Health: -3/44      AC:  3    Str: 10    XL:     6   Next: 80%
Magic:  1/9        EV: 14    Int: 15    God:
Gold:   111        SH:  0    Dex: 15    Spells: 2/9 levels left

rFire   . . .        a - +2 dagger
rCold   . . .        (no shield)
rNeg    . . .        e - +0 robe
rPois   .            (no helmet)
rElec   .            c - +0 cloak
rCorr   .            (no gloves)
SInv    .            (no boots)
Will    .....        y - amulet of regeneration
Stlth   ++           Z - ring of wizardry
HPRegen 1.07/turn    (no ring)
MPRegen 0.11/turn

%: wizardry (x1)
@: no status effects
A: repulsion field 2, powered by death 1
a: no special abilities


You were on level 5 of the Dungeon.
You visited 1 branch of the dungeon, and saw 5 of its levels.

You collected 111 gold pieces.

Inventory:

Hand Weapons
 a - a +2 dagger (weapon)
 b - a +0 sling
 g - a +0 lajatang
 H - a +0 whip
Missiles
 x - 2 silver javelins
 A - 2 curare-tipped darts
 B - 5 poisoned darts
Armour
 c - a +0 cloak (worn)
 e - a +0 robe (worn)
 f - a +0 leather armour
 t - a +0 hat
Jewellery
 y - an amulet of regeneration (around neck)
 F - a ring of fire
 Z - a ring of wizardry (left hand)
Scrolls
 h - 2 scrolls of teleportation {unknown}
 k - a scroll of enchant weapon {unknown}
 l - a scroll of summoning {unknown}
 p - a scroll of silence {unknown}
 s - a scroll of blinking {unknown}
 v - 2 scrolls of immolation
 z - a scroll of vulnerability {unknown}
 E - a scroll of amnesia {unknown}
 G - a scroll of magic mapping {unknown}
Potions
 i - 2 potions of resistance
 j - a potion of lignification {unknown}
 m - a potion of might {unknown}
 n - 3 potions of curing
 o - a potion of attraction {unknown}
 q - 2 potions of cancellation
 r - a potion of heal wounds {unknown}
 u - 2 potions of degeneration {unknown}
 w - a potion of flight {unknown}
 C - a potion of mutation {unknown}
 D - a potion of ambrosia {unknown}


   Skills:
 + Level 2.1 Fighting
 - Level 1.7 Throwing
 - Level 1.7 Armour
 + Level 0.5 Dodging
 + Level 1.1 Stealth
 + Level 2.3 Spellcasting
 - Level 3.3 Conjurations
 * Level 3.3 Air Magic
 - Level 3.5 Poison Magic
 - Level 1.2 Invocations


You had 2 spell levels left.
You knew the following spells:

 Your Spells              Type           Power      Damage    Failure   Level
a - Magic Dart            Conj           44%        1d5       2%          1
b - Mephitic Cloud        Conj/Pois/Air  12%        N/A       6%          3
c - Swiftness             Air            11%        N/A       6%          3

Your spell library contained the following spells:

 Spells                   Type           Power      Damage    Failure   Level
 Shock                    Conj/Air       44%        1d5       2%          1
 Freeze                   Ice            4%         1d3       9%          1
 Ensorcelled Hibernation  Hex/Ice        2%         N/A       13%         2
 Spider Form              Tmut/Pois      7%         N/A       12%         3
 Hailstorm                Conj/Ice       6%         3d4       13%         3
 Airstrike                Air            5%         2d(1-17)  21%         4
 Frozen Ramparts          Ice            2%         1d1       26%         3
 Anguish                  Hex/Necr       0%         N/A       61%         4


Dungeon Overview and Level Annotations

Branches:
Dungeon (5/15)
 Temple: D:4-7

Altars:
Hepliaklqana
Okawaru
Vehumet

Annotations:
D:1 exclusion: downstairs
D:2 1 runed translucent door, Crazy Yiuf
D:3 Sigmund
D:4 exclusion: downstairs
D:5 Prince Ribbit


Innate Abilities, Weirdness & Mutations

You are surrounded by a moderate repulsion field. (EV +3)
You regenerate a little health from kills.


Message History

Prince Ribbit blinks!
You hit the orc.
The orc is lightly wounded.
The orc hits you with a +2 whip of freezing!
The orc freezes you.
The orc closely misses itself.
You hit the orc but do no damage.
The orc is lightly wounded.
You hit the orc.
The orc is severely wounded.
The orc seems less confused.
The orc hits you with a +2 whip of freezing.
The orc freezes you.
Casting: Mephitic Cloud (dangerous; 6% risk of failure)
Confirm with . or Enter, or press ? or * to list all spells.
You feel quick. Prince Ribbit misses you. Prince Ribbit hits you!
Prince Ribbit attacks as you move away! Prince Ribbit completely misses you.
Prince Ribbit winks and puckers his lips.
Prince Ribbit blinks!
You start to feel a little slower.
Prince Ribbit hops awkwardly around.
Prince Ribbit blinks!
You feel sluggish.
There is a stone staircase leading up here.
Casting: Swiftness (dangerous; 6% risk of failure)
Confirm with . or Enter, or press ? or * to list all spells.
Aiming: Magic Dart (safe; 2% risk of failure)
Press: ? - help, Shift-Dir - straight line, f/p - orc
Aim: an orc, wielding a +2 whip of freezing, wearing a +0 leather armour, wearing an orb of energy and quivering stones (heavily wounded, 100% to hit)
The magic dart hits the orc.
You kill the orc!
Prince Ribbit blinks!
Press: ? - help, v - describe, . - travel, g - get item
Items here: ( ) [[ †.
The floor.
There is a cloud of translocational energy here.
You climb upwards.
There is a stone staircase leading down, spattered with blood here.
You start resting.
You start to feel a little faster.
You start resting.
You no longer feel sluggish.
You start resting.
Magic restored.
You start waiting.
Done waiting.
Okay, then.
(D) Dungeon
Where to? (Enter - D:5, ? - help)
There is a stone staircase leading up here.
There is a stone staircase leading down here.
You climb downwards.
Level annotation: Prince Ribbit
There is a stone staircase leading up here.
Found a sling. 2 goblins come into view.
Found an iron altar of Okawaru.
The goblin shouts! x2
Prince Ribbit blinks!
Casting: Magic Dart (safe; 2% risk of failure)
Confirm with . or Enter, or press ? or * to list all spells.
Aiming: Mephitic Cloud (dangerous; 6% risk of failure)
Press: ? - help, Shift-Dir - straight line, f - Prince Ribbit
Aim: Prince Ribbit (chance to affect: 72%)
The ball explodes into a vile cloud!
The stinking cloud engulfs Prince Ribbit but does no damage.
You hear a shout!
Prince Ribbit is engulfed in noxious fumes.
Prince Ribbit appears confused.
An adder comes into view.
Prince Ribbit is engulfed in noxious fumes.
Prince Ribbit appears confused.
Casting: Mephitic Cloud (dangerous; 6% risk of failure)
Confirm with . or Enter, or press ? or * to list all spells.
Aiming: Magic Dart (safe; 2% risk of failure)
Press: ? - help, Shift-Dir - straight line, f/p - Prince Ribbit
Aim: Prince Ribbit (confused, 100% to hit)
The magic dart hits Prince Ribbit.
Prince Ribbit is lightly wounded.
Prince Ribbit closely misses the adder.
Prince Ribbit hits himself!
Casting: Magic Dart (safe; 2% risk of failure)
Confirm with . or Enter, or press ? or * to list all spells.
Aiming: Magic Dart (safe; 2% risk of failure)
Press: ? - help, Shift-Dir - straight line, f/p - Prince Ribbit
Aim: Prince Ribbit (moderately wounded, confused, 100% to hit)
The magic dart hits Prince Ribbit.
Prince Ribbit is heavily wounded.
Casting: Magic Dart (safe; 2% risk of failure)
Confirm with . or Enter, or press ? or * to list all spells.
Aiming: Magic Dart (safe; 2% risk of failure)
Press: ? - help, Shift-Dir - straight line, f/p - Prince Ribbit
Aim: Prince Ribbit (heavily wounded, confused, 100% to hit)
The magic dart hits the adder.
The adder is moderately wounded.
Casting: Magic Dart (safe; 2% risk of failure)
Confirm with . or Enter, or press ? or * to list all spells.
Aiming: Magic Dart (safe; 2% risk of failure)
Press: ? - help, Shift-Dir - straight line, f/p - Prince Ribbit
Aim: Prince Ribbit (heavily wounded, confused, 100% to hit)
The magic dart hits the adder.
The adder is severely wounded.
Casting: Magic Dart (safe; 2% risk of failure)
Confirm with . or Enter, or press ? or * to list all spells.
Aiming: Magic Dart (safe; 2% risk of failure)
Press: ? - help, Shift-Dir - straight line, f - adder
Aim: an adder (severely wounded, 100% to hit)
The magic dart hits the adder.
You kill the adder!
There is a stone staircase leading up here.
You start resting.
Magic restored.
Casting: Magic Dart (safe; 2% risk of failure)
Confirm with . or Enter, or press ? or * to list all spells.
Aiming: Mephitic Cloud (dangerous; 6% risk of failure)
Press: ? - help, Shift-Dir - straight line, f - goblin
Aim: a goblin, wielding a +0 spear (chance to affect: 96%)
The ball explodes into a vile cloud!
The stinking cloud engulfs the goblin but does no damage.
The goblin is engulfed in noxious fumes.
The goblin appears confused.
The goblin falls into the water!
The goblin drowns.
You hear a splash.
Casting: Mephitic Cloud (dangerous; 6% risk of failure)
Confirm with . or Enter, or press ? or * to list all spells.
Aiming: Mephitic Cloud (dangerous; 6% risk of failure)
Press: ? - help, Shift-Dir - straight line, f - Prince Ribbit
Aim: Prince Ribbit (lightly wounded, chance to affect: 72%)
The ball explodes into a vile cloud!
The stinking cloud engulfs Prince Ribbit but does no damage.
Prince Ribbit is lightly wounded.
You hear a bark!
Prince Ribbit is engulfed in noxious fumes.
Prince Ribbit appears confused.
Casting: Mephitic Cloud (dangerous; 6% risk of failure)
Confirm with . or Enter, or press ? or * to list all spells.
Aiming: Magic Dart (safe; 2% risk of failure)
Press: ? - help, Shift-Dir - straight line, f/p - Prince Ribbit
Aim: Prince Ribbit (water, lightly wounded, confused, 100% to hit)
The magic dart hits Prince Ribbit.
Prince Ribbit is lightly wounded.
Casting: Magic Dart (safe; 2% risk of failure)
Confirm with . or Enter, or press ? or * to list all spells.
Aiming: Magic Dart (safe; 2% risk of failure)
Press: ? - help, Shift-Dir - straight line, f/p - Prince Ribbit
Aim: Prince Ribbit (lightly wounded, confused, 100% to hit)
The magic dart hits Prince Ribbit.
Prince Ribbit is lightly wounded.
Casting: Magic Dart (safe; 2% risk of failure)
Confirm with . or Enter, or press ? or * to list all spells.
Aiming: Magic Dart (safe; 2% risk of failure)
Press: ? - help, Shift-Dir - straight line, f/p - Prince Ribbit
Aim: Prince Ribbit (noxious fumes, lightly wounded, confused, 100% to hit)
The magic dart hits Prince Ribbit.
Prince Ribbit is lightly wounded.
Prince Ribbit is engulfed in noxious fumes.
Prince Ribbit appears confused.
Casting: Magic Dart (safe; 2% risk of failure)
Confirm with . or Enter, or press ? or * to list all spells.
You don't have enough magic to cast this spell.
Unknown command.
Prince Ribbit is engulfed in noxious fumes.
Prince Ribbit appears confused.
Prince Ribbit barely misses the hound.
The hound barely misses you.
You hit Prince Ribbit.
Prince Ribbit is moderately wounded.
Prince Ribbit hits you!!
Prince Ribbit barely misses himself.
The hound closely misses you. The hound bites you.
You hit Prince Ribbit.
Prince Ribbit is moderately wounded.
The hound bites you. The hound attacks as you move away!
The hound barely misses you. The hound closely misses you.
You catch the helpless Prince Ribbit completely off-guard!
You hit Prince Ribbit.
Prince Ribbit is heavily wounded.
The hound misses you. Prince Ribbit misses you.
You closely miss Prince Ribbit.
Prince Ribbit is heavily wounded.
The hound bites you. Prince Ribbit barely misses you.
Prince Ribbit barely misses himself.
The hound completely misses you.
Unknown command.
You hit Prince Ribbit.
Prince Ribbit is severely wounded.
The hound misses you. Prince Ribbit hits you!
* * * LOW HITPOINT WARNING * * *
Read: scroll of fear
Press: ? - help, Q - select action, (/) - cycle Dir - look around, f - activate Look: Prince Ribbit (severely wounded, confused, chance to affect: 90%)
As you read the scroll of fear, it crumbles to dust.
You assume a fearsome visage.
The goblin looks frightened!
Prince Ribbit looks frightened!
The hound looks frightened!
You hit Prince Ribbit.
Your attack snaps Prince Ribbit out of his fear.
Your punch misses Prince Ribbit.
Prince Ribbit is severely wounded.
Prince Ribbit hits you!
You die...

#...#.....#######........
#.......<.#..8..#........
####.........#.8_8.#+#......
.............#..8..#........
.##......#.######≈≈.≈≈#.##.....
.....### #.######.≈.≈g#. #.....
#..#####......#≈≈.≈≈# #.....
###...........F.......#........
..............@.........#.....#
###...........................#
####...##...........#.#.#....
###.##......h......# ##.
#.#########....... #.. #..
#.#.... #.. ... ...... # .)..
##.... #... #


You could see Prince Ribbit (confused), a hound (fleeing) and a goblin
(fleeing).

Vanquished Creatures
  Menkaure (D:4)
  Duvessa (D:4)
  Dowan (D:4)
  An iguana (D:4)
  4 gnolls (D:3)
  5 adders
  3 dart slugs
  13 orcs
  7 ball pythons
  4 bats (D:1)
  6 endoplasms
  3 giant cockroaches
  6 goblins
  7 hobgoblins
  3 kobolds (D:4)
  A quokka (D:5)
  2 frilled lizards
  6 rats
  2 butterflies
76 creatures vanquished.

Notes
Turn   | Place    | Note
-------+----------+-------------------------------------------
     0 | D:1      | GloriousHammer the Demonspawn Wanderer began the quest for
                  | the Orb.
     0 | D:1      | GloriousHammer set off with the following items: a +2
                  | dagger, 2 curare-tipped darts, a +0 cloak, a scroll of
                  | fear, a +0 robe; and the following spell memorised: Magic
                  | Dart; and the following spells available to memorise:
                  | Mephitic Cloud.
     0 | D:1      | Reached XP level 1. HP: 16/16 MP: 2/2
   124 | D:1      | Gained mutation: You are surrounded by a mild repulsion
                  | field. (EV +2) [demonic ancestry]
   124 | D:1      | Reached XP level 2. HP: 22/22 MP: 2/4
  1282 | D:2      | Reached XP level 3. HP: 27/27 MP: 6/6
  1323 | D:2      | You fall into a shaft and drop 2 floors!
  1341 | D:4      | Noticed Menkaure
  1361 | D:4      | Killed Menkaure
  1362 | D:4      | Gained mutation: You regenerate a little health from kills.
                  | [demonic ancestry]
  1362 | D:4      | Reached XP level 4. HP: 18/33 MP: 7/7
  1362 | D:4      | Gained mutation: You are surrounded by a moderate repulsion
                  | field. (EV +3) [demonic ancestry]
  1362 | D:4      | Reached XP level 5. HP: 21/38 MP: 8/8
  1822 | D:4      | Learned a level 3 spell: Mephitic Cloud
  1834 | D:4      | Noticed Duvessa
  1847 | D:4      | Killed Duvessa
  1863 | D:4      | Noticed Dowan
  1908 | D:2      | Found a radiant altar of Vehumet.
  1969 | D:2      | Reached XP level 6. HP: 39/44 MP: 7/9
  2108 | D:2      | Found a runed translucent door.
  2109 | D:2      | Noticed Crazy Yiuf
  2403 | D:2      | Found a faded altar of an unknown god.
  3444 | D:3      | Noticed Sigmund
  3544 | D:4      | Noticed an ice beast
  3973 | D:4      | Killed Dowan
  4362 | D:4      | Found a hazy altar of Hepliaklqana.
  4494 | D:3      | Learned a level 3 spell: Swiftness
  4792 | D:5      | Entered Level 5 of the Dungeon
  5012 | D:5      | Noticed Prince Ribbit
  5694 | D:5      | Found an iron altar of Okawaru.
  5801 | D:5      | Slain by Prince Ribbit

Illustrated notes

Levels and vault maps discovered:
D:1:      lemuel_arrival_broad_hall, layout_basic
D:2:      layout_basic, chequers_ecumenical_altar_simple, basic_altar,
          uniq_crazy_yiuf_cottage
D:3:      wander_river, layout_rooms, xom_butterflies, fedhas_altar_4,
          uniq_sigmund
D:4:      layout_rooms, nicolae_elyvilon_temple_path,
          worldfamousw_hep_ancestral_shrine, uniq_menkaure, uniq_duvessa
D:5:      layout_basic, kennysheep_okawaru_gauntlet, gammafunk_ghost_arena,
          guppyfry_early_lair_pool, uniq_prince_ribbit1

Skill      XL: |  1  2  3  4  5  6 |
---------------+-------------------+-----
Conjurations   | 2 3 |  3.3
Spellcasting   | 2 |  2.3
Air Magic      | 2 3 |  3.3
Poison Magic   | 2 3 |  3.5
Fighting       | |  2.1
Throwing       | |  1.7
Armour         | |  1.7
Dodging        | |  0.5
Stealth        | |  1.1
Invocations    | |  1.2

Action                     |  1- 3 |  4- 6 || total
---------------------------+-------+-------++-------
  Melee: Dagger            |    68 |   153 ||   221
         Punch             |     1 |     1 ||     2
         Lajatang          |       |    33 ||    33
   Fire: Sling             |    30 |       ||    30
  Throw: Dart              |       |     2 ||     2
   Cast: Magic Dart        |       |    93 ||    93
         Mephitic Cloud    |       |    17 ||    17
         Swiftness         |       |     3 ||     3
    Use: Scroll            |       |     8 ||     8
   Stab: Sleeping          |     4 |       ||     4
         Confused          |       |     7 ||     7
 Armour: Robe              |    26 |    26 ||    52
  Dodge: Dodged            |    55 |   159 ||   214
